 Dungeon Crawl Stone Soup version 0.28.0 (webtiles) character file.

Game seed: 10821052632758519291

13 issech the Cudgeller (level 2, -3/27 (29) HPs)
             Began as a Troll Monk on Feb 9, 2022.
             Slain by Crazy Yiuf (8 damage)
             ... on level 2 of the Dungeon.
             The game lasted 00:03:32 (1226 turns).

issech the Cudgeller (Troll Monk)                   Turns: 1226, Time: 00:03:33

HP:   -3/27 (29)    AC:  5    Str: 18    XL:     2   Next: 24%
MP:   1/1           EV: 10    Int:  6    God:
Gold: 59            SH:  0    Dex: 12    Spells: 1/1 levels left

rFire   . . .      SeeInvis .   a - +0 mace
rCold   . . .      Faith    .   (no shield)
rNeg    . . .      Spirit   .   b - +0 robe
rPois   .          Reflect  .   c - +1 hat
rElec   .          Harm     .   (no cloak)
rCorr   .          Rampage  .   (gloves unavailable)
Will    .....                   (boots unavailable)
Stlth   ++........              (no amulet)
HPRegen 0.89/turn               (no ring)
MPRegen 0.07/turn               (no ring)

@: drained
A: large, unfitting armour, claws 3, regeneration 1, shaggy fur 1, tough skin 1
a: no special abilities


You were on level 2 of the Dungeon.
You visited 1 branch of the dungeon, and saw 4 of its levels.

You collected 59 gold pieces.

Inventory:

Hand Weapons
 a - a +0 mace (weapon)
Missiles
 e - 23 arrows
 f - 32 stones (quivered)
Armour
 b - a +0 robe (worn)
 c - a +1 hat (worn)
Jewellery
 h - a ring of poison resistance
Scrolls
 g - a scroll of torment {unknown}
 i - a scroll of noise {unknown}
 j - a scroll of teleportation {unknown}
 k - a scroll of enchant weapon {unknown}
 l - a scroll of acquirement {unknown}
Potions
 d - a potion of curing {unknown}
 m - a potion of might {unknown}


   Skills:
 + Level 2.6 Fighting
 + Level 2.9 Maces & Flails
 + Level 2.6 Dodging
 + Level 1.0 Stealth


You had one spell level left.
You didn't know any spells.
Your spell library was empty.

Dungeon Overview and Level Annotations

Branches:
Dungeon (4/15)
 Temple: D:4-7

Altars:
Zin

Annotations:
D:2 Crazy Yiuf


Innate Abilities, Weirdness & Mutations

You are too large for most types of armour.
You have claws for hands.
Your natural rate of healing is unusually fast.
You are covered in fur. (AC +1)
You have tough skin. (AC +1)


Message History

You miss the frilled lizard.
The frilled lizard bites you but does no damage.
You completely miss the frilled lizard.
The frilled lizard bites you but does no damage.
You closely miss the frilled lizard.
The frilled lizard hisses.
The frilled lizard bites you but does no damage.
You hit the frilled lizard.
The frilled lizard is heavily wounded.
The frilled lizard barely misses you.
The frilled lizard bites you but does no damage.
You hit the frilled lizard but do no damage.
The frilled lizard is heavily wounded.
The frilled lizard bites you but does no damage.
You thump the frilled lizard!
You kill the frilled lizard!
You see here a +0 mace.
You see here a +0 mace.
You see here a +0 mace.
You see here a +0 mace.
Found a smoking mace.
Found a runed translucent door.
Crazy Yiuf shouts!
You open the door.
Crazy Yiuf laughs, "Citrus!
Snower illywillydillykilly horse."
You hit Crazy Yiuf.
Crazy Yiuf is moderately wounded.
Crazy Yiuf hits you with a +2 quarterstaff of chaos.
You feel drained.
You hit Crazy Yiuf.
Crazy Yiuf is heavily wounded.
Crazy Yiuf completely misses you.
You closely miss Crazy Yiuf.
Crazy Yiuf is heavily wounded.
Crazy Yiuf hits you with a +2 quarterstaff of chaos!
You are electrocuted!
Ouch! That really hurt!
* * * LOW HITPOINT WARNING * * *
Crazy Yiuf says, "Millenium tortoise ladder!"
Crazy Yiuf hits you with a +2 quarterstaff of chaos!
You die...

#).).#
#..).#
♣PP.P♣
♣♣♣P.♣
♣.♣♣
♣♣.♣
♣.♣♣
♣♣.♣
♣@♣♣
#g#
...
#...#
#)..#
#####
###
#.#


You could see Crazy Yiuf.

Vanquished Creatures
  An adder skeleton (D:3)
  A bat (D:2)
  An endoplasm (D:1)
  A goblin (D:3)
  2 hobgoblins
  3 frilled lizards (D:2)
  A rat (D:1)
10 creatures vanquished.

Vanquished Creatures (others)
  A fungus (D:2)
1 creature vanquished.

Grand Total: 11 creatures vanquished

Notes
Turn   | Place    | Note
-------+----------+-------------------------------------------
     0 | D:1      | issech the Troll Monk began the quest for the Orb.
     0 | D:1      | Reached XP level 1. HP: 22/22 MP: 0/0
   110 | D:1      | Found a faded altar of an unknown god.
   812 | D:2      | You fall into a shaft and drop 2 floors!
   909 | D:3      | Found a glowing silver altar of Zin.
  1041 | D:3      | Reached XP level 2. HP: 29/29 MP: 1/1
  1219 | D:2      | Found a runed translucent door.
  1220 | D:2      | Noticed Crazy Yiuf
  1226 | D:2      | Slain by Crazy Yiuf

Illustrated notes

Levels and vault maps discovered:
D:1:      dpeg_arrival_oval, layout_basic, shapermc_ecumenical_altar_hornbeckon,
          hangedman_decor_peaks_small
D:2:      layout_loops_ring, uniq_crazy_yiuf_cottage
D:3:      layout_basic, mainiacjoe_overflow_swirl,
          nicolae_overflow_crystal_walls, serial_shops, shop,
          kennysheep_generic_room_15
D:4:      layout_loops_ring, portal_sewer_entry_b, minmay_between, uniq_grinder

Action                   || total
-------------------------++-------
Melee: Mace              ||    45
Armor: Robe              ||    13
Dodge: Dodged            ||    30
